 Dungeon Crawl Stone Soup version 0.26-a0-639-g72c4674329 (webtiles) character file.

Game seed: 12446514157834144872

2710 PentaManta the Slicer (level 9, -1/58 HPs)
             Began as a Halfling Gladiator on Sept 20, 2020.
             Was a Follower of Fedhas.
             Slain by a two-headed ogre
             ... wielding a +0 giant club
              (17 damage)
             ... on level 8 of the Dungeon.
             The game lasted 00:24:19 (9928 turns).

PentaManta the Slicer (Halfling Gladiator)          Turns: 9928, Time: 00:24:21

Health: -1/58      AC:  7    Str: 18    XL:     9   Next: 98%
Magic:  9/9        EV: 18    Int:  6    God:    Fedhas [*.....]
Gold:   112        SH:  8    Dex: 16    Spells: 8/8 levels left

rFire    . . .     SeeInvis +   U - +2 short sword (elec)
rCold    . . .     Faith    .   M - +2 buckler
rNeg     + . .     Spirit   .   z - +0 ring mail
rPois    .         Reflect  .   c - +0 helmet
rElec    .         Harm     .   (no cloak)
rCorr    .         Rampage  .   (no gloves)
MR       .....                  (no boots)
Stlth    +.........             (no amulet)
HPRegen  0.19/turn              H - ring of positive energy
MPRegen  0.11/turn              e - ring of see invisible

@: no status effects
A: small, mutation resistance 1
a: Renounce Religion


You were on level 8 of the Dungeon.
You worshipped Fedhas.
Fedhas was aware of your devotion.
You visited 2 branches of the dungeon, and saw 9 of its levels.
You also visited: Ossuary.

You collected 385 gold pieces.
You spent 273 gold pieces at shops.

Inventory:

Hand Weapons
 a - a +0 rapier
 j - a +0 short sword of speed
 k - a +1 spectral club
 o - a +3 dagger of venom
 K - a +0 dagger of speed
 O - a +2 vampiric war axe
 P - a +0 falchion
 U - a +2 short sword of electrocution (weapon)
Missiles
 d - 3 throwing nets (quivered)
 f - 45 poisoned darts
 R - 3 boomerangs of dispersal
Armour
 b - a +0 chain mail
 c - a +0 helmet (worn)
 g - a cursed +0 robe
 z - a +0 ring mail (worn)
 M - a +2 buckler (worn)
Jewellery
 e - a ring of see invisible (right hand)
 H - a ring of positive energy (left hand)
 L - an uncursed amulet of magic regeneration {unknown}
 Q - a +6 ring of dexterity {unknown}
Wands
 h - a wand of acid (5)
 q - a wand of iceblast (5)
 v - a wand of paralysis (19)
 y - a wand of flame (5)
 I - a wand of digging (5)
 T - a wand of enslavement (7)
Scrolls
 l - 8 scrolls of remove curse
 m - 4 scrolls of blinking
 s - 2 scrolls of fog
 w - a scroll of fear
 A - a scroll of silence {unknown}
 B - a scroll of holy word {unknown}
 C - 3 scrolls of identify
 D - 5 scrolls of teleportation
 G - 3 scrolls of enchant armour {unknown}
 J - 2 scrolls of magic mapping {unknown}
 V - a scroll of enchant weapon
Potions
 i - 5 potions of heal wounds
 n - 3 potions of might
 p - 9 potions of curing
 r - 4 potions of stabbing
 t - a potion of brilliance
 u - 2 potions of resistance {unknown}
 x - 2 potions of berserk rage
 E - 2 potions of lignification {unknown}
 F - a potion of haste
 N - a potion of flight {unknown}
 S - a potion of cancellation {unknown}


   Skills:
 + Level 3.8 Fighting
 * Level 11.1 Short Blades
 - Level 2.0 Throwing
 + Level 4.0 Armour
 + Level 7.9 Dodging
 * Level 4.0 Shields


You had 8 spell levels left.
You didn't know any spells.
Your spell library contained the following spells:

 Spells                   Type           Power        Failure   Level
 Magic Dart               Conj           #...         69%         1
 Blink                    Tloc           N/A          83%         2
 Call Imp                 Summ           #.......     83%         2
 Slow                     Hex            #.......     83%         2
 Conjure Flame            Conj/Fire      #.......     96%         3
 Mephitic Cloud           Conj/Pois/Air  #.......     96%         3


Dungeon Overview and Level Annotations

Branches:
Dungeon (8/15)             Temple (1/1) D:6         Ossuary (visited)
   Lair: D:8-11

Altars:
Ashenzari
Cheibriados
Dithmenos
Elyvilon
Fedhas
Gozag
Hepliaklqana
Kikubaaqudgha
Makhleb
Nemelex Xobeh
Okawaru
Qazlal
Ru
Sif Muna
Trog
Uskayaw
Vehumet
Wu Jian
Xom
Yredelemnul
The Shining One

Shops:
D:7 (


Innate Abilities, Weirdness & Mutations

You are small and have problems with some larger weapons.
You are somewhat resistant to further mutation.


Message History

The two-headed ogre hits you with a +0 giant club.
You hit the two-headed ogre.
The two-headed ogre is lightly wounded.
You hit the two-headed ogre.
The two-headed ogre is moderately wounded.
You hit the two-headed ogre.
Lightning courses through the two-headed ogre!!
The two-headed ogre is severely wounded.
The two-headed ogre hits you with a +0 giant club!
The two-headed ogre hits you with a +0 giant club!!
You hit the two-headed ogre.
The two-headed ogre is severely wounded.
You see here a quokka corpse.
You barely miss the two-headed ogre.
The two-headed ogre is severely wounded.
The two-headed ogre hits you with a +0 giant club!
* * * LOW HITPOINT WARNING * * *
The two-headed ogre hits you with a +0 giant club!
You die...
Fedhas appreciates your contribution to the ecosystem.

..# ..# ##. #.# ... #.# #..
#.# #.# ##############.# #.#
##..............# #.#
###.............@O###.####.#
....##...###...##..........#
##.###.#.#.#.#.###..########
##.###...#.#...###..#
##....###.†.###.....#
#...#.#(#.#.#)#.#...#
#.....##.#.#.##.....#
...###..#.#.#..###..#
^..#(..#.#.#.#...#..#


You could see a two-headed ogre.

Vanquished Creatures
  A hippogriff (D:7)
  Sigmund (D:3)
  2 sky beasts (D:8)
  2 ice beasts
  A black bear (D:5)
  An ogre (D:6)
  2 centaurs (D:7)
  2 elf zombies (Ossuary)
  3 bullfrogs (D:7)
  3 scorpions
  A water moccasin skeleton (D:5)
  2 electric eels (D:3)
  2 centaur zombies
  A howler monkey (D:7)
  A hound (D:7)
  2 bullfrog skeletons
  A human zombie (Ossuary)
  Jessica (D:3)
  2 iguanas
  Ijyb (D:3)
  Terence (D:3)
  9 orc wizards
  6 worker ants
  A hound zombie (Ossuary)
  4 mummies
  7 adders
  A shadow imp (D:7)
  2 white imps
  2 ufetubi
  An ooze (D:2)
  4 adder zombies
  3 dart slugs
  2 leopard geckos
  24 orcs
  3 ball pythons
  11 giant cockroaches
  2 gnoll zombies (Ossuary)
  9 hobgoblins
  15 jackals
  9 kobolds
  8 quokkas
  A ball python skeleton (D:4)
  4 bats
  4 frilled lizards
  10 goblins
  3 goblin zombies (Ossuary)
  9 hobgoblin zombies (Ossuary)
  2 jackal zombies (Ossuary)
  6 kobold zombies (Ossuary)
  2 quokka skeletons
  3 quokka zombies (Ossuary)
  9 rats
  A rat zombie (Ossuary)
210 creatures vanquished.

Vanquished Creatures (others)
  A bat (D:3)
  A plant (D:3)
2 creatures vanquished.

Grand Total: 212 creatures vanquished

Notes
Turn   | Place    | Note
-------+----------+-------------------------------------------
     0 | D:1      | PentaManta the Halfling Gladiator began the quest for the
                  | Orb.
     0 | D:1      | Reached XP level 1. HP: 14/14 MP: 1/1
   154 | D:1      | Reached skill level 4 in Short Blades
   280 | D:1      | Reached XP level 2. HP: 19/19 MP: 2/2
   520 | D:1      | Reached XP level 3. HP: 22/24 MP: 3/3
   637 | D:1      | Reached skill level 5 in Short Blades
  1126 | D:2      | Reached XP level 4. HP: 27/29 MP: 4/4
  1399 | D:2      | Reached skill level 6 in Short Blades
  1399 | D:2      | Reached XP level 5. HP: 30/34 MP: 5/5
  2181 | D:3      | Noticed Sigmund
  2190 | D:3      | Killed Sigmund
  2190 | D:3      | Reached skill level 7 in Short Blades
  2190 | D:3      | Reached XP level 6. HP: 39/39 MP: 6/6
  2302 | D:3      | Noticed Jessica
  2310 | D:3      | Killed Jessica
  2335 | D:3      | Found an ornate altar of the Wu Jian Council.
  2408 | D:3      | Found a transporter.
  2432 | D:3      | Found a transporter.
  2449 | D:3      | Noticed Terence
  2469 | D:3      | Killed Terence
  2469 | D:3      | Reached XP level 7. HP: 41/44 MP: 7/7
  2486 | D:3      | Reached skill level 8 in Short Blades
  2486 | D:3      | Reached skill level 5 in Dodging
  2604 | D:3      | Noticed Ijyb
  2620 | D:3      | Killed Ijyb
  3482 | D:4      | Found a sand-covered staircase.
  3496 | Ossuary  | Entered an ossuary
  3784 | Ossuary  | Reached skill level 9 in Short Blades
  3815 | Ossuary  | Reached XP level 8. HP: 19/49 MP: 8/8
  5224 | D:4      | Found a sacrificial altar of Ru.
  5315 | D:5      | Entered Level 5 of the Dungeon
  5461 | D:4      | Reached skill level 10 in Short Blades
  5778 | D:5      | Found a sparkling altar of Nemelex Xobeh.
  6021 | D:5      | Found a white marble altar of Elyvilon.
  6084 | D:5      | Reached skill level 1 in Armour
  6187 | D:5      | Found a radiant altar of Vehumet.
  6466 | D:5      | Found an iron altar of Okawaru.
  6537 | D:6      | Found a staircase to the Ecumenical Temple.
  6546 | Temple   | Entered the Ecumenical Temple
  6779 | Temple   | Became a worshipper of Fedhas Madash
  7083 | D:6      | Found an opulent altar of Gozag.
  7083 | D:6      | Found a burning altar of Makhleb.
  7083 | D:6      | Found a sparkling altar of Nemelex Xobeh.
  7083 | D:6      | Found a shattered altar of Ashenzari.
  7127 | D:6      | Reached XP level 9. HP: 55/55 MP: 9/9
  7837 | D:6      | Found a bloodstained altar of Trog.
  8168 | D:7      | Reached skill level 1 in Shields
  8472 | D:7      | Noticed a hippogriff
  8491 | D:7      | Killed a hippogriff
  8889 | D:7      | Reached * piety under Fedhas
  9301 | D:7      | Reached skill level 11 in Short Blades
  9518 | D:7      | Found Birobil's Weapon Boutique.
  9523 | D:7      | Bought a +2 short sword of electrocution for 273 gold
                  | pieces
  9911 | D:8      | Noticed a two-headed ogre
  9928 | D:8      | Slain by a two-headed ogre

Illustrated notes

Levels and vault maps discovered:
D:1:      lightli_arrival_maybe_door_vault, layout_basic
D:2:      layout_basic, minmay_misc_feat_doors
D:3:      gammafunk_steamed_eel, layout_basic, lemuel_round_altar, uniq_ijyb,
          uniq_jessica, uniq_sigmund, uniq_terence
D:4:      layout_loops_ring, marbit_many_paths, gup_ossuary_entry_pyramid
D:5:      black_bear_nest_1, layout_basic, elyvilon_altar_5,
          okawaru_ov_weapons_minmay, kennysheep_mini_moat, basic_altar,
          hangedman_abyss_or_decor_slice, hangedman_decor_opposing
D:6:      layout_basic, lightli_temple_of_fire,
          chequers_temple_overflow_statue_of_worship,
          minmay_temple_entry_junction
D:7:      layout_basic, serial_shops, kennysheep_little_box
D:8:      layout_basic, fountainhead, minmay_starry_boxes, uniq_grum
Temple:   minmay_temple_curvy_loop

Skill      XL: |  1  2  3  4  5  6  7  8  9 |
---------------+----------------------------+-----
Short Blades   | 4 5 6 7 9 10 11 | 11.1
Dodging        | 4 5 7 |  7.9
Fighting       | 2 3 |  3.8
Armour         | 1 4 |  4.0
Shields        | 4 |  4.0
Throwing       | |  2.0

Action                   |  1- 3 |  4- 6 |  7- 9 || total
-------------------------+-------+-------+-------++-------
Melee: Rapier            |    66 |       |   185 ||   251
       Dagger            |    57 |   171 |   447 ||   675
       Club              |       |       |     7 ||     7
       Short sword       |       |       |    52 ||    52
Evoke: Wand              |       |     1 |     9 ||    10
  Use: Scroll            |       |       |    13 ||    13
 Stab: Paralysed         |       |     2 |     1 ||     3
Armor: Leather armour    |     7 |       |       ||     7
       Ring mail         |    25 |    14 |    86 ||   125
Dodge: Dodged            |    77 |    83 |   325 ||   485
Block: Buckler           |       |       |    45 ||    45

Table legend: (Time is in decaauts)
 A = Elapsed time spent in this place.
 B = Non-inter-level travel time spent in this place.
 C = Inter-level travel time spent in this place.
 D = Time resting spent in this place.
 E = Time spent auto-exploring this place.
 F = Levels seen in this place.
 G = Mean time per level.
                   A        B        C        D        E       F      G
               +--------+--------+--------+--------+--------+-----+--------+
         Total |   9570 |   9289 |    281 |   1124 |   6028 |  10 |  957.0 |
       Dungeon |   8247 |   8035 |    212 |    666 |   5836 |   8 | 1030.9 |
        Temple |    263 |    194 |     69 |      0 |    191 |   1 |  263.0 |
       Ossuary |   1059 |   1059 |      0 |    458 |      0 |   1 | 1059.0 |
               +--------+--------+--------+--------+--------+-----+--------+

Top non-repeatable levels by time:
     D:7: 1412 daAuts
     D:6: 1323 daAuts
     D:4: 1231 daAuts
     D:3: 1229 daAuts
     D:1: 1197 daAuts
 Ossuary: 1059 daAuts
     D:5: 915 daAuts
     D:2: 676 daAuts
  Temple: 263 daAuts
     D:8: 261 daAuts
